 Dungeon Crawl Stone Soup version 0.31.0-2-g5a2aebc5c2 (webtiles) character file.

Game seed: 17766054174577711095

11266 Esekla the Thaumaturge (level 11, -5/81 (97) HPs)
             Began as a Purple Draconian Necromancer on Jan 20, 2024.
             Was a Priest of Ashenzari.
             Killed from afar by Josephine (32 damage)
             ... with a ghostly fireball
             ... on level 9 of the Dungeon.
             The game lasted 01:12:58 (12854 turns).

Esekla the Thaumaturge (DrNe)                      Turns: 12854, Time: 01:12:59

HP:   -5/81 (97)    AC: 11    Str: 10    XL:     11   Next: 47%
MP:   28/35         EV: 12    Int: 25    God:    Ashenzari [***...]
Gold: 606           SH: 10    Dex: 13    Spells: 23/33 levels left

rFire   . . .        a - +1 scimitar
rCold   . . .        H - +0 kite shield "Lashed Syndicalism" {Melee, Self} (curse)
rNeg    . . .        (body armour unavailable)
rPois   .            (helmet restricted)
rElec   .            (no cloak)
rCorr   .            F - +2 pair of gloves of Supernal Knowledge {infuse, Melee, Self} (curse)
SInv    +            i - +0 pair of boots of Ashenzari's Augurer {Range, Bglg} (curse)
Will    +....        (no amulet)
Stlth   ++           q - ring of the Cryptic Fallacy {Int+6, Bglg, Sorc} (curse)
HPRegen 0.33/turn    G - ring of the Sibylline Welkin {MP+9, Fort, Melee} (curse)
MPRegen 0.24/turn

%: clarity, infuse magic (1 MP)
@: hasted, heavily drained, very quick
A: breathe power, AC +7, unfitting armour, cold-blooded
a: Breathe Dispelling Energy, Renounce Religion, Shatter the Chains


You were on level 9 of the Dungeon.
You worshipped Ashenzari.
Ashenzari was most pleased with you.
You visited 1 branch of the dungeon, and saw 11 of its levels.
You also visited: Sewer and Bailey.

You collected 606 gold pieces.

Inventory:

Hand Weapons
 a - a +1 scimitar (weapon)
 n - a +0 halberd of draining
 r - a +0 vampiric demon trident
 s - a +1 dagger of draining
 J - a +2 halberd of electrocution
 M - a +2 halberd of electrocution
Missiles
 f - 23 poisoned darts (quivered)
 Q - 4 javelins
Armour
 i - the cursed +0 pair of boots of Ashenzari's Augurer (worn) {Range, Bglg}
   (You found it on level 1 of the Dungeon)

   It has a curse which improves the following skills: Ranged Combat: Ranged
   Weapons and Throwing.
   Beguiling: Hexes and Translocations.
 F - the cursed +2 pair of gloves of Supernal Knowledge (worn) {infuse, Melee, Self}
   (You found it on level 5 of the Dungeon)

   It has a curse which improves the following skills: Melee Combat: Short
   Blades, Long Blades, Axes, Maces & Flails, Polearms, Staves and Unarmed
   Combat.
   Introspection: Fighting and Spellcasting.
 H - the cursed +0 kite shield "Lashed Syndicalism" (worn) {Melee, Self}
   (You found it on level 3 of the Dungeon)

   It has a curse which improves the following skills: Melee Combat: Short
   Blades, Long Blades, Axes, Maces & Flails, Polearms, Staves and Unarmed
   Combat.
   Introspection: Fighting and Spellcasting.
 S - a +1 cloak of stealth
Jewellery
 e - a ring of protection from fire
 q - the cursed ring of the Cryptic Fallacy (left hand) {Int+6, Bglg, Sorc}
   (You found it on level 2 of the Dungeon)

   [ring of intelligence]

   Int+6:     It affects your intelligence (+6).
   It has a curse which improves the following skills: Beguiling: Hexes and
   Translocations.
   Sorcery:   Conjurations and Alchemy.
 G - the cursed ring of the Sibylline Welkin (right hand) {MP+9, Fort, Melee}
   (You found it on level 5 of the Dungeon)

   [ring of magical power]

   MP+9:      It affects your magic capacity (+9).
   It has a curse which improves the following skills: Fortitude: Shields.
   Melee Combat: Short Blades, Long Blades, Axes, Maces & Flails, Polearms,
   Staves and Unarmed Combat.
 R - a +5 ring of evasion
Wands
 u - a wand of digging (10)
 B - a wand of iceblast (19)
 C - a wand of flame (11)
 L - a wand of light (7)
Scrolls
 c - a scroll of teleportation
 d - 3 scrolls of revelation
 h - a scroll of blinking
 j - 2 scrolls of amnesia
 k - 4 scrolls of enchant weapon
 o - a scroll of fear
 p - a scroll of enchant armour
 y - 3 scrolls of poison
 D - a scroll of acquirement
 E - 2 scrolls of silence
Potions
 b - a potion of resistance
 g - 2 potions of magic
 l - 5 potions of curing
 m - 3 potions of haste
 t - 2 potions of ambrosia
 v - a potion of might
 w - 4 potions of mutation
 x - a potion of brilliance
 z - 2 potions of enlightenment
 A - 3 potions of attraction
 I - a potion of lignification
 K - 6 potions of invisibility
 N - a potion of heal wounds
 O - a potion of cancellation
 P - a potion of experience


   Skills:
 * Level 6.9(9.2) Fighting
 + Level 4.5(7.6) Short Blades
 + Level 2.7(6.0) Long Blades
 + Level 1.4(2.5) Throwing
 + Level 5.0 Dodging
 + Level 4.1 Stealth
 * Level 5.4(6.9) Shields
 * Level 9.3(11.5) Spellcasting
 * Level 2.0(3.2) Conjurations
 * Level 9.1 Necromancy
 + Level 4.3(6.4) Translocations
 * Level 5.5 Evocations


You had 23 spell levels left.
You knew the following spells:

 Your Spells              Type           Power      Damage    Failure   Level
a - Necrotise             Necr           100%       1d9       1%          1
b - Teleport Other        Tloc           46%        N/A       3%          3
d - Vampiric Draining     Necr           57%        2d10      1%          3
e - Searing Ray           Conj           60%        2d6       6%          2
p - Apportation           Tloc           92%        N/A       1%          1

Your spell library contained the following spells:

 Spells                   Type           Power      Damage    Failure   Level
 Lesser Beckoning         Tloc           92%        N/A       1%          2
 Gell's Gravitas          Tloc           46%        N/A       3%          3
 Animate Dead             Necr           57%        N/A       3%          4
 Magic Dart               Conj           100%       1d8       4%          1
 Sting                    Conj/Alch      92%        1d8       8%          1
 Curse of Agony           Necr           57%        N/A       10%         5
 Passage of Golubria      Tloc           46%        N/A       11%         4
 Slow                     Hex            60%        N/A       13%         1
 Summon Small Mammal      Summ           56%        N/A       16%         1
 Confusing Touch          Hex            15%        N/A       36%         3
 Sigil of Binding         Hex            15%        N/A       36%         3
 Tukima's Dance           Hex            15%        N/A       36%         3
 Fulminant Prism          Conj/Alch      11%        3d8       58%         4
 Dispersal                Tloc           23%        N/A       86%         6
 Silence                  Hex/Air        7%         N/A       98%         5
 Yara's Violent Unravell  Hex/Alch       7%         3d5       98%         5
 Haunt                    Necr/Summ      18%        N/A       100%        7
 Borgnjor's Revivificati  Necr           28%        N/A       100%        8
 Lehudib's Crystal Spear  Conj/Erth      11%        10d4      100%        8
 Death's Door             Necr           28%        N/A       100%        9


Dungeon Overview and Level Annotations

Branches:
Dungeon (11/15)            Temple (0/1) D:4            Lair (0/5) D:10
  Sewer (visited)          Bailey (visited)
    Orc: D:9-12

Altars:
Ashenzari
Fedhas
Nemelex Xobeh
Xom
Zin

Annotations:
D:5 2 headed ogre, 1 runed translucent door, TheBioAlchemist's ghost, novice OpSh
D:9 wraith, Josephine; Monkooky's ghost, novice VSAl
D:10 Snorg


Innate Abilities, Weirdness & Mutations

You can breathe bolts of dispelling energy.
Your rich purple scales are hard. (AC +7)
You cannot fit into any form of body armour.
You are cold-blooded and may be slowed by cold attacks.


Message History

Josephine hits you but does no damage.
You slash Josephine!
Josephine is moderately wounded.
Josephine gestures at you while chanting.
The ghostly flame explodes!
The ghostly fireball engulfs you!!
You feel drained.
The ghostly fireball engulfs Josephine.
Josephine completely resists.
You hit Josephine. You tail-slap Josephine.
Josephine is heavily wounded.
Josephine hits you with a +0 dagger.
* * * LOW HITPOINT WARNING * * *
You barely miss Josephine.
Josephine is heavily wounded.
You block Josephine's attack. Josephine hits you but does no damage.
You hit Josephine. You tail-slap Josephine.
Josephine is heavily wounded.
Josephine barely misses you. Josephine hits you but does no damage.
You climb upwards.
Level annotation: wraith, Monkooky's ghost, novice VSAl
There is a stone staircase leading down here.
You feel yourself speed up. Josephine hits you with a +0 dagger.
* * * LOW HITPOINT WARNING * * *
You feel much better. You block Josephine's attack.
You slice Josephine!!
Josephine is severely wounded.
You hit Josephine but do no damage. You tail-slap Josephine.
Josephine is severely wounded.
Josephine hits you with a +0 dagger.
You barely miss Josephine.
Josephine is severely wounded.
Josephine casts a spell at you.
The ghostly flame explodes!
The ghostly fireball engulfs you!
You feel drained.
The ghostly fireball engulfs Josephine.
Josephine completely resists.
You slash Josephine!
Your tail-slap misses Josephine.
Josephine is almost dead.
Josephine points at you and mumbles some strange words.
The ghostly flame explodes!
The ghostly fireball engulfs you!!
You feel drained.
You die...

######.####.###......####......##
........................<......#.
#.......###.####.....####.......#
..##..#...#.# #.....# #.......#
#####†)##.#.###......# #.......'
#..>.....#.#........# ###.#...#
##...[.##......############.#...#
##.....###..........###.......###
.#..............@...#...###.###
.#.............@......### #.#
.#.....###..........#######.#
.......# ###.########.......#####
.......#####...###...........)...
............................)....
...........................(....)
####..................#....)....<
.# ####...##.........##..........


You could see Josephine.

Vanquished Creatures
  3 two-headed ogres
  Urug (D:10)
  2 elephants
  Maggie (D:8)
  A red devil (D:11)
  A troll (D:9)
  2 hornets (D:7)
  Grinder (D:3)
  2 dream sheep (D:10)
  5 yaks (D:10)
  3 wraiths (D:9)
  2 wyverns (D:9)
  3 vampire mosquitoes (D:8)
  Menkaure (D:6)
  A steam dragon (D:7)
  A water moccasin (D:7)
  2 orc warriors
  2 black bears
  2 sky beasts
  2 ice beasts
  6 centaurs
  A crocodile (Sewer)
  A phantom (D:4)
  2 kobold brigands
  5 bullfrogs
  A gnoll sergeant (D:9)
  5 scorpions
  9 wights
  6 killer bees (D:9)
  3 howler monkeys (D:8)
  A bombardier beetle (D:6)
  3 hounds
  5 jellies
  2 orc priests (D:6)
  A gnoll bouda (D:10)
  4 iguanas
  2 sleepcaps
  8 orc wizards
  13 gnolls
  10 adders
  2 white imps
  2 ufetubi (D:7)
  6 dart slugs
  5 ribbon worms
  18 orcs
  8 bats
  7 endoplasms
  10 giant cockroaches
  7 goblins
  7 hobgoblins
  4 jackals (Sewer)
  5 quokkas
  5 ball pythons
  3 frilled lizards
  18 kobolds
  3 rats
236 creatures vanquished.

Vanquished Creatures (others)
  Maurice (D:10)
1 creature vanquished.

Grand Total: 237 creatures vanquished

Notes
Turn   | Place    | Note
-------+----------+-------------------------------------------
     0 | D:1      | Esekla the Draconian Necromancer began the quest for the
                  | Orb.
     0 | D:1      | Reached XP level 1. HP: 14/14 MP: 3/3
    82 | D:1      | Found a faded altar of an unknown god.
   269 | D:1      | Reached XP level 2. HP: 20/22 MP: 5/5
   465 | D:1      | Reached skill level 1 in Fighting
   778 | D:1      | Reached XP level 3. HP: 28/28 MP: 6/6
   789 | D:1      | Reached skill level 1 in Short Blades
   825 | D:1      | Learned a level 3 spell: Vampiric Draining
  1303 | D:2      | Learned a level 1 spell: Apportation
  1542 | D:2      | Reached XP level 4. HP: 26/36 MP: 7/7
  1805 | D:3      | Found a broken altar of Ashenzari.
  1844 | D:3      | Became a worshipper of Ashenzari the Shackled
  2285 | D:3      | Found a sparkling altar of Nemelex Xobeh.
  2344 | D:3      | Noticed Grinder
  2497 | D:4      | Noticed a phantom
  2540 | D:3      | Paralysed by Grinder for 4 turns
  2898 | D:4      | Reached XP level 5. HP: 41/42 MP: 8/8
  2911 | D:4      | Found a staircase to the Ecumenical Temple.
  2939 | D:4      | Reached * piety under Ashenzari
  2957 | D:4      | Killed a phantom
  2958 | D:4      | Reached skill level 1 in Long Blades
  3016 | D:5      | Entered Level 5 of the Dungeon
  3203 | D:5      | Reached XP level 6. HP: 47/50 MP: 3/10
  3209 | D:5      | Found a glowing drain.
  3256 | Sewer    | Entered a sewer
  3329 | Sewer    | Identified the +5 broad axe of the Valley of Death {drain,
                  | ^Drain rF+ Int+3 Stlth+}
  3339 | Sewer    | Reached skill level 5 in Necromancy
  3974 | D:4      | Reached ** piety under Ashenzari
  4260 | D:5      | Your scales start taking on a rich purple colour.
  4260 | D:5      | Reached XP level 7. HP: 57/57 MP: 14/14
  4300 | D:5      | Reached skill level 1 in Throwing
  4300 | D:5      | Reached skill level 5 in Spellcasting
  4378 | D:5      | Noticed a two-headed ogre
  4587 | D:5      | Identified the +2 shortbow of the Durable God {heavy, Fly
                  | rN+++ Stlth-}
  4593 | D:5      | Found a runed translucent door.
  4594 | D:5      | Noticed TheBioAlchemist's ghost (novice OpSh)
  4594 | D:5      | Noticed a wraith
  4594 | D:5      | Identified the +8 flail "Duym" {vamp, rC+ rN+ Dex+3}
  5111 | D:4      | Learned a level 3 spell: Teleport Other
  5195 | D:5      | Reached XP level 8. HP: 66/66 MP: 16/16
  5425 | D:6      | Noticed Menkaure
  5474 | D:6      | Reached skill level 1 in Evocations
  5492 | D:7      | Reached skill level 1 in Translocations
  5624 | D:6      | Killed Menkaure
  5913 | D:7      | Noticed a hornet
  5916 | D:7      | Paralysed by a hornet for 3 turns
  5923 | D:7      | Killed a hornet
  6014 | D:7      | Reached XP level 9. HP: 73/73 MP: 12/18
  6054 | D:7      | Identified a scroll of acquirement
  6112 | D:7      | Reached *** piety under Ashenzari
  6737 | D:3      | Killed Grinder
  7262 | D:7      | Reached skill level 5 in Fighting
  7265 | D:7      | Reached skill level 1 in Shields
  7823 | D:8      | Found a glowing silver altar of Zin.
  7823 | D:8      | Noticed an angel
  7890 | D:8      | Noticed Maggie
  7897 | D:8      | Found a blossoming altar of Fedhas.
  8567 | D:8      | Reached XP level 10. HP: 83/86 MP: 23/23
  8684 | D:8      | Found a shimmering altar of Xom.
  8721 | D:8      | Killed Maggie
  9001 | D:9      | Noticed a two-headed ogre
  9021 | D:9      | Found a runed translucent door.
  9022 | D:9      | Found a shimmering altar of Xom.
  9022 | D:9      | Noticed Monkooky's ghost (novice VSAl)
  9023 | D:9      | Noticed a +2 quarterstaff of chaos
  9066 | D:8      | Killed a two-headed ogre
  9243 | D:5      | Killed a two-headed ogre
 10438 | D:8      | Learned a level 2 spell: Searing Ray
 10623 | D:10     | Entered Level 10 of the Dungeon
 10693 | D:10     | Noticed an elephant
 10763 | D:9      | Killed an elephant
 10867 | D:10     | Found a flagged portal.
 10870 | D:10     | Noticed Josephine
 10925 | D:9      | Reached skill level 5 in Evocations
 11005 | D:10     | Noticed Maurice
 11013 | D:10     | Noticed Snorg
 11040 | D:9      | Reached skill level 1 in Conjurations
 11040 | D:9      | Reached XP level 11. HP: 33/95 MP: 5/25
 11152 | Bailey   | Entered a bailey
 11902 | D:10     | Reached skill level 5 in Shields
 11903 | D:10     | Noticed Urug
 11921 | D:10     | Killed Urug
 11922 | D:10     | Reached skill level 5 in Dodging
 12655 | D:10     | Found a staircase to the Lair.
 12691 | D:10     | Noticed a two-headed ogre
 12702 | D:10     | Killed a two-headed ogre
 12830 | D:10     | Killed Maurice
 12854 | D:9      | Killed from afar by Josephine

Illustrated notes

Levels and vault maps discovered:
D:1:      reono_arrival_forest_river, layout_basic, shapermc_ecumenical_altar_gd
D:2:      layout_rooms
D:3:      layout_basic, nemelex_altar_shiori, nicolae_ashenzari_skybound,
          feat_on_display, uniq_grinder
D:4:      layout_gridville, minmay_temple_entry_mini_moons
D:5:      layout_loops_corners, gup_sewer_entry_bubbles,
          ebering_ghost_inner_flame, minmay_starry_boxes
D:6:      layout_basic, minivault_11, nicolae_wand_duel, uniq_menkaure
D:7:      layout_basic, minmay_misc_feat_x, minmay_misc_feat_ornament,
          minmay_misc_feat_chi, kennysheep_generic_room_8
D:8:      layout_basic, grunt_temple_overflow_order_and_chaos_1,
          amcnicky_altar_gilded, uniq_maggie
D:9:      minmay_flawed_box, layout_rooms, ebering_ghost_xom
D:10:     layout_irregular_city, grunt_lair_entry_orc_guard_hut, enter_bailey_5,
          dreamdust_gnoll_shepherd, uniq_josephine, uniq_snorg, uniq_urug,
          uniq_maurice
D:11:     nicolae_cairo_tiling, layout_stronghold, minmay_orc_entry_guard_dogs,
          minmay_gold_behind_fungi, nicolae_where_there's_smoke

Skill      XL: |  1  2  3  4  5  6  7  8  9 10 11 |
---------------+----------------------------------+-----
Fighting       | 1 2 3 4 5 6 |  6.9
Short Blades   | 1 2 3 4 |  4.5
Dodging        | 2 3 4 5 |  5.0
Stealth        | 2 3 4 |  4.1
Long Blades    | 1 2 |  2.7
Spellcasting   | 4 5 6 7 8 9 |  9.3
Necromancy     | 5 6 7 8 9 |  9.1
Throwing       | 1 |  1.4
Evocations     | 2 4 5 |  5.5
Translocations | 2 3 4 |  4.3
Shields        | 2 4 5 |  5.4
Conjurations   | 1 2 |  2.0

Action                     |  1- 3 |  4- 6 |  7- 9 | 10-12 || total
---------------------------+-------+-------+-------+-------++-------
  Melee: Dagger            |    98 |   197 |   333 |   168 ||   796
         Unarmed           |    10 |       |       |       ||    10
         Tailslap          |    24 |    25 |    58 |    48 ||   155
         Punch             |     1 |     1 |     5 |       ||     7
         Falchion          |    52 |    28 |       |       ||    80
         Scimitar          |       |       |       |   152 ||   152
  Throw: Dart              |    12 |    12 |     9 |    22 ||    55
   Cast: Vampiric Draining |     3 |    19 |    32 |    59 ||   113
         Apportation       |       |       |       |     5 ||     5
         Searing Ray       |       |       |       |     7 ||     7
 Invoke: Curse Item        |       |     3 |     2 |     1 ||     6
         Shatter the Chain |       |       |       |     1 ||     1
Ability: Breathe Dispellin |       |       |     9 |     5 ||    14
  Evoke: Wand              |       |       |    22 |     3 ||    25
    Use: Scroll            |       |     3 |     3 |     3 ||     9
         Potion            |       |       |     1 |     4 ||     5
   Stab: Sleeping          |     5 |     4 |     7 |     6 ||    22
         Distracted        |       |     1 |       |       ||     1
 Armour: Skin              |    81 |   137 |   230 |   342 ||   790
  Dodge: Dodged            |    76 |   117 |   204 |   195 ||   592
  Block: Kite shield       |       |       |    83 |   244 ||   327
